Map: Eternal Empire LE

Players

ShoWTimE - Winner!

  • Race: Protoss Protoss
  • Spawn Location: 1:00

Kas

  • Race: Terran Terran
  • League: Grandmaster
  • Spawn Location: 7:00

Event: DreamHack SC2 Masters 2020 Summer Europe

VOD

Have the link to the VOD?

Description

Time

  • Played on: July 2, 2020, 12:18 p.m.
  • Length: 13:39

All games in this series

Show
View Real Time Build Order
Export as new Build Order

ShoWTimE Protoss - Winner!

Build Orders: 1 Gate Expand, Blink Stalkers 

Get SALT Encoding   

  12  0:00  Probe  
  13  0:12  Probe  
  14  0:17  Pylon  
  14  0:23  Probe  
  15  0:32  Probe  
  15  0:37  Gateway  
  15  0:40  Probe  
  16  0:48  Assimilator  
  17  0:51  Probe  
  18  1:03  Probe  
  19  1:15  Probe  
  20  1:23  Cybernetics Core  
  20  1:32  Nexus  
  20  1:35  Probe  
  21  1:42  Pylon  
  21  1:47  Probe  
  21  1:50  Assimilator  
  21  1:51  Adept  
  22  1:59  Probe  
  25  2:02  Warp Gate  
  25  2:11  Probe, Stalker  
  28  2:23  Probe  
  29  2:35  Probe  
  29  2:36  Twilight Council  
  30  2:43  Probe  
  30  2:44  Stalker, Blink  
  30  2:48  Probe  
  34  2:51  Probe  
  35  3:00  Probe x2  
  37  3:05  Gateway  
  37  3:12  Probe x2  
  39  3:24  Probe x2  
  41  3:33  Robotics Facility  
  41  3:36  Probe x2  
  41  3:40  Pylon  
  43  3:49  Nexus  
  43  3:53  Probe  
  43  3:55  Sentry  
  46  3:57  Pylon  
  46  3:58  Probe  
  46  4:01  Assimilator  
  47  4:05  Probe  
  47  4:06  Phoenix  
  47  4:09  Stalker  
  50  4:10  Probe  
  50  4:12  Pylon  
  52  4:17  Probe  
  52  4:18  Stalker  
  52  4:22  Probe  
  52  4:23  Observer  
  56  4:29  Probe  
  57  4:33  Stalker  
  57  4:34  Probe  
  60  4:39  Pylon  
  60  4:41  Probe  
  61  4:46  Probe  
  60  4:53  Probe  
  60  4:55  Gateway  
  60  4:56  Gateway  
  60  4:59  Probe, Stalker x2  
  66  5:02  Probe  
  66  5:05  Probe  
  68  5:10  Probe  
  68  5:12  Probe, Forge  
  68  5:14  Probe, Forge  
  69  5:18  Probe  
  69  5:20  Probe  
  71  5:22  Probe, Observer  
  71  5:26  Probe  
  71  5:28  Probe, Pylon  
  75  5:31  Probe, Assimilator x2  
  78  5:37  Probe  
  78  5:40  Probe  
  78  5:42  Charge  
  80  5:43  Probe  
  80  5:44  Protoss Ground Armor Level 1, Protoss Ground Weapons Level 1  
  80  5:46  Gateway x2  
  80  5:48  Assimilator  
  80  5:49  Probe, Observer  
  83  5:53  Probe  
  84  6:04  Pylon  
  84  6:06  Stalker x2  
  84  6:11  Templar Archives  
  88  6:14  Gateway  
  88  6:23  Immortal  
  88  6:25  Probe, Gateway  
  88  6:26  Probe, Gateway  
  88  6:27  Pylon  
  88  6:28  Probe  
  95  6:40  Sentry x3  
  95  6:43  Pylon  
  95  6:44  Psionic Storm  
  101  6:47  Gateway  
  101  6:56  Warp Prism  
  101  6:57  Zealot x3  
  101  7:01  Pylon  
  107  7:04  High Templar  
  111  7:11  Pylon  
  111  7:13  Pylon, High Templar  
  113  7:17  Photon Cannon  
  113  7:18  Observer  
  113  7:19  Photon Cannon  
  113  7:20  High Templar  
  115  7:24  Nexus  
  115  7:26  Immortal  
  115  7:28  Pylon  
  115  7:29  High Templar  
  117  7:31  Zealot x3  
  117  7:32  Protoss Ground Armor Level 2  
  127  7:41  Probe x3  
  130  7:44  Protoss Ground Weapons Level 2  
  130  7:50  Zealot x5  
  140  7:55  Shield Battery  
  140  7:57  High Templar x2  
  140  7:58  Zealot  
  146  8:01  Archon  
  138  8:15  Archon  
  126  8:20  High Templar  
  126  8:22  Probe  
  126  8:23  Probe  
  126  8:26  Observer  
  128  8:30  Zealot x7  
  128  8:31  Zealot x2  
  144  8:37  Probe x3  
  147  8:46  Photon Cannon  
  147  8:50  High Templar x3  
  153  8:58  Photon Cannon  
  153  9:00  Photon Cannon  
  153  9:02  Photon Cannon  
  153  9:04  Shield Battery  
  153  9:05  Assimilator  
  153  9:08  Pylon  
  151  9:10  Assimilator  
  151  9:11  Robotics Bay  
  151  9:14  Robotics Facility  
  151  9:15  Zealot x5, High Templar  
  151  9:16  Zealot  
  165  9:43  Pylon  
  163  9:46  Zealot x9  
  177  9:53  Protoss Ground Armor Level 3, Protoss Ground Weapons Level 3  
  177  9:58  Pylon  
  167  10:00  Pylon  
  167  10:01  Pylon  
  167  10:02  Stalker  
  167  10:04  Colossus x2  
  179  10:12  Stalker x3  
  179  10:36  Nexus  
  179  10:38  Extended Thermal Lance  
  179  10:39  Observer  
  161  10:53  Zealot x8  
  161  10:55  Colossus  
  177  10:58  Colossus  
  177  11:00  Unknown  
  167  11:20  High Templar  
  167  11:21  Zealot x5  
  177  11:27  Probe x2  
  177  11:28  Probe  
  180  11:35  Gateway x2  
  180  11:40  High Templar x4  
  180  11:43  Dark Shrine  
  180  11:45  Archon x2  
  188  11:48  Warp Prism  
  190  11:58  Shield Battery  
  190  11:59  High Templar  
  190  12:00  Photon Cannon  
  190  12:02  Pylon  
  190  12:03  High Templar  
  192  12:09  High Templar  
  192  12:10  Observer  
  192  12:11  Gravitic Drive  
  194  12:16  Zealot x3  
  198  12:30  High Templar  
  198  12:31  Photon Cannon  
  198  12:44  Zealot  
  194  13:19  Zealot x5  
  160  13:20  Zealot x7  
  156  13:29  Archon  
Show
View Real Time Build Order
Export as new Build Order

Kas Terran 

Build Orders: Reaper Expand 

Get SALT Encoding   

  12  0:00  SCV  
  13  0:13  SCV  
  14  0:17  Supply Depot  
  14  0:25  SCV  
  15  0:39  SCV  
  15  0:40  Barracks  
  16  0:43  Refinery  
  16  0:51  SCV  
  17  1:04  SCV  
  18  1:16  SCV  
  19  1:28  Reaper  
  19  1:29  Orbital Command  
  20  1:52  Command Center  
  20  1:56  SCV, Supply Depot  
  20  2:00  Marine  
  22  2:08  SCV  
  23  2:10  Factory  
  23  2:15  Refinery  
  23  2:19  Barracks Reactor  
  23  2:21  SCV  
  24  2:27  Bunker  
  24  2:33  SCV  
  25  2:45  SCV  
  26  2:56  Widow Mine, Marine  
  26  2:57  Marine  
  29  2:59  Starport  
  29  3:01  SCV  
  29  3:05  Orbital Command  
  30  3:14  SCV, Marine x2  
  30  3:19  Widow Mine  
  35  3:26  SCV  
  36  3:32  SCV, Marine x2  
  39  3:35  Medivac  
  39  3:38  SCV  
  39  3:40  Supply Depot  
  42  3:42  Widow Mine  
  42  3:45  SCV  
  45  3:50  SCV  
  46  4:01  Marine x2  
  46  4:02  SCV x2  
  50  4:04  Supply Depot  
  50  4:05  Factory Tech Lab  
  50  4:15  SCV, Command Center  
  51  4:17  SCV  
  52  4:25  Liberator  
  52  4:26  Siege Tank  
  52  4:30  Supply Depot  
  52  4:31  SCV  
  59  4:32  SCV  
  60  4:43  SCV  
  59  4:46  SCV  
  59  4:51  Marine x2  
  60  4:55  SCV  
  60  4:56  Supply Depot, Barracks  
  60  4:57  Barracks  
  60  4:58  SCV  
  60  4:59  Engineering Bay  
  60  5:06  Siege Tank  
  63  5:09  SCV, Refinery  
  63  5:11  Starport Reactor  
  64  5:17  SCV  
  64  5:21  SCV, Marine x2  
  66  5:28  Orbital Command  
  66  5:31  SCV  
  66  5:33  Terran Infantry Weapons Level 1  
  66  5:35  Refinery  
  67  5:36  Supply Depot  
  67  5:38  Siege Tank  
  67  5:39  Marine x2  
  67  5:41  SCV  
  73  5:44  Barracks Tech Lab  
  73  5:45  Barracks Tech Lab  
  73  5:47  SCV  
  74  5:55  Starport Reactor  
  74  5:56  SCV x2  
  76  5:58  Marine  
  76  5:59  Marine, Barracks  
  76  6:01  SCV, Barracks  
  79  6:05  Supply Depot  
  79  6:06  Combat Shield, Stimpack  
  79  6:08  SCV  
  79  6:10  Orbital Command  
  80  6:12  Marauder x2  
  84  6:22  SCV  
  84  6:25  Marine x2  
  85  6:26  SCV, Factory Reactor  
  85  6:29  Supply Depot  
  87  6:33  Marauder x2  
  87  6:34  SCV  
  87  6:37  SCV  
  87  6:38  SCV  
  93  6:41  Medivac x2  
  93  6:43  Marine x2  
  93  6:46  SCV  
  100  6:49  SCV, Marine x2  
  100  6:50  SCV  
  100  6:51  Supply Depot  
  100  6:52  Supply Depot  
  104  6:54  Refinery  
  104  6:58  SCV  
  104  6:59  Supply Depot, Marauder  
  104  7:01  SCV, Marauder  
  109  7:03  SCV, Widow Mine  
  109  7:04  Widow Mine  
  109  7:06  Concussive Shells  
  115  7:09  Marine x2  
  115  7:13  SCV, Marine x2  
  115  7:15  SCV  
  121  7:18  SCV  
  121  7:19  Bunker  
  121  7:20  Marauder  
  121  7:22  Marine x2  
  126  7:24  Medivac, Widow Mine  
  126  7:25  Medivac  
  132  7:30  Supply Depot  
  132  7:32  Supply Depot  
  132  7:33  SCV  
  132  7:34  Supply Depot  
  133  7:39  Marine  
  133  7:40  Marauder, Marine x3  
  133  7:42  Terran Infantry Armor Level 1  
  133  7:44  Ghost Academy  
  139  7:46  Armory  
  139  7:47  Refinery  
  139  7:51  Engineering Bay  
  139  7:54  SCV  
  139  7:55  SCV  
  139  7:56  SCV  
  139  7:57  Medivac x2  
  146  7:59  Marauder  
  146  8:02  Marauder x2  
  146  8:03  Marine x2  
  146  8:04  Marine x2  
  129  8:19  Widow Mine  
  124  8:20  Widow Mine  
  124  8:21  Marauder  
  124  8:23  Marauder, Barracks  
  124  8:24  Barracks  
  124  8:25  Barracks  
  128  8:32  SCV  
  127  8:35  Terran Infantry Weapons Level 2  
  127  8:37  Ghost  
  127  8:38  Command Center, Marine x2  
  127  8:39  Marine  
  132  8:41  Ghost  
  132  8:44  Ghost  
  132  8:45  Medivac  
  138  8:49  SCV  
  138  8:51  Marine  
  138  8:53  Medivac  
  142  8:55  Marine x2  
  142  8:57  Marine  
  142  9:01  Missile Turret x2  
  145  9:05  Missile Turret, Marine  
  145  9:06  Missile Turret  
  145  9:07  SCV x3  
  145  9:09  Widow Mine x2  
  145  9:19  Barracks Reactor, Barracks Tech Lab x2  
  145  9:21  Ghost  
  145  9:24  Medivac, Sensor Tower  
  149  9:27  Marine x3  
  149  9:28  Marauder, Marine  
  155  9:31  Supply Depot x2  
  155  9:34  Marauder  
  155  9:35  Starport  
  147  9:43  Marauder  
  149  9:49  Marine x4  
  149  9:50  Marauder x2  
  149  9:51  SCV, Marauder  
  158  9:55  Marine x2  
  158  9:57  Marine  
  158  9:59  Medivac x2  
  157  10:04  Marine  
  158  10:07  Marine  
  158  10:12  Viking x2  
  158  10:13  Marauder x2, Marine x3  
  170  10:18  Marine  
  171  10:26  Marine  
  168  10:29  SCV  
  168  10:33  Marauder x2  
  173  10:37  Terran Infantry Armor Level 2  
  158  10:49  Ghost x2  
  143  10:50  Marine x3  
  143  10:51  Medivac x2  
  143  10:53  Viking, Marine x2  
  143  10:54  Marine  
  143  10:56  Refinery x2  
  143  10:57  SCV x2  
  161  10:59  Missile Turret  
  161  11:00  SCV  
  162  11:04  Marine x2  
  162  11:05  Ghost  
  162  11:06  Supply Depot  
  162  11:08  Marine  
  162  11:09  Missile Turret  
  158  11:20  Planetary Fortress  
  158  11:23  Ghost x2  
  158  11:24  Refinery  
  158  11:25  Marine x8  
  165  11:27  SCV  
  165  11:28  SCV x2  
  173  11:34  Marine  
  175  11:40  SCV x3  
  175  11:43  Marauder, Marine  
  182  11:51  Marine x2  
  182  11:52  Ghost x2, Marine x2  
  188  12:06  Command Center  
  188  12:18  Supply Depot  
  188  12:19  Supply Depot  
  188  12:21  Barracks  
  188  12:26  Barracks  
  188  12:38  Command Center  
  188  12:40  SCV, Viking x2, Marauder x2, Marine x3  
  200  12:49  Ghost Academy  
  200  13:05  Marauder  
  200  13:07  Viking  
Tags
 
Add a new tag
Caveats
  • Supply blocks, unpowered buildings, or Contaminate may cause inaccurate times.
  • Supply counts are checked every 10 seconds.